 Dungeon Crawl Stone Soup version 0.29-a0-982-gaed3a0c8d8 (webtiles) character file.

Game seed: 14937205172138073780

95 MisterAzrael the Slasher (level 4, 0/41 HPs)
             Began as a Minotaur Fighter on Aug 1, 2022.
             Was a Believer of Fedhas.
             Slain by a gnoll
             ... wielding a +0 flail
              (7 damage)
             ... on level 3 of the Dungeon.
             The game lasted 00:01:38 (1921 turns).

MisterAzrael the Slasher (Minotaur Fighter)         Turns: 1921, Time: 00:01:39

Health: 0/41       AC:  7    Str: 23    XL:     4   Next: 40%
Magic:  3/3        EV:  9    Int:  5    God:    Fedhas [**....]
Gold:   78         SH:  4    Dex:  9    Spells: 3/3 levels left

rFire   . . .      SeeInvis .   a - +0 long sword
rCold   . . .      Faith    .   c - +0 buckler
rNeg    . . .      Spirit   .   b - +0 scale mail
rPois   .          Reflect  .   (helmet restricted)
rElec   .          Harm     .   (no cloak)
rCorr   .          Rampage  .   (no gloves)
Will    .....                   (no boots)
Stlth   ..........              (no amulet)
HPRegen 0.13/turn               (no ring)
MPRegen 0.08/turn               (no ring)

@: hasted, very quick
A: horns 2, retaliatory headbutt
a: Renounce Religion, Wall of Briars


You were on level 3 of the Dungeon.
You worshipped Fedhas.
Fedhas was pleased with you.
You visited 1 branch of the dungeon, and saw 3 of its levels.

You collected 78 gold pieces.

Inventory:

Hand Weapons
 a - a +0 long sword (weapon)
Missiles
 j - 3 datura-tipped darts (quivered)
Armour
 b - a +0 scale mail (worn)
 c - a +0 buckler (worn)
Jewellery
 k - an amulet of regeneration
Scrolls
 e - a scroll of magic mapping {unknown}
 f - 2 scrolls of noise {unknown}
 g - 5 scrolls of identify {unknown}
 l - a scroll of acquirement {unknown}
Potions
 d - a potion of might
 h - a potion of haste
 i - a potion of heal wounds {unknown}
 m - a potion of resistance {unknown}
 n - a potion of flight {unknown}


   Skills:
 + Level 4.6 Fighting
 * Level 4.8 Long Blades
 - Level 3.7 Armour
 - Level 3.7 Shields


You had 3 spell levels left.
You didn't know any spells.
Your spell library was empty.

Dungeon Overview and Level Annotations

Branches:
Dungeon (3/15)

Altars:
Fedhas


Innate Abilities, Weirdness & Mutations

You have a pair of horns on your head.
You reflexively headbutt those who attack you in melee.


Message History

You hit the gnoll.
The gnoll is heavily wounded.
An orc comes into view.
It is wielding a +0 flail of protection.
The gnoll hits you with a +0 halberd!
You are too injured to fight recklessly!
You are too injured to fight recklessly!
The gnoll attacks as you move away! You block the gnoll's attack.
The gnoll closely misses you.
It was a potion of haste.
You feel yourself speed up.
An orc wizard comes into view.
It is wielding a +1 dagger of distortion.
The gnoll barely misses you.
The orc wizard shouts!
The gnoll hits you with a +0 halberd.
You closely miss the gnoll.
The gnoll is heavily wounded.
The gnoll hits you with a +0 halberd!
* * * LOW HITPOINT WARNING * * *
You hit the gnoll. Your headbutt misses the gnoll.
The gnoll is heavily wounded.
You barely miss the gnoll. You headbutt the gnoll.
You kill the gnoll!
Fedhas appreciates your contribution to the ecosystem.
You hit the gnoll. Your headbutt misses the gnoll.
The gnoll is lightly wounded.
The gnoll barely misses you.
You hit the gnoll.
The gnoll is heavily wounded.
The gnoll hits you but does no damage.
You closely miss the gnoll. Your headbutt misses the gnoll.
The gnoll is heavily wounded.
The gnoll hits you with a +0 flail.
* * * LOW HITPOINT WARNING * * *
You hit the gnoll. Your headbutt misses the gnoll.
The gnoll is almost dead.
The orc wizard gestures wildly while chanting.
The orc wizard flickers and vanishes!
Deactivating autopickup; reactivate with Ctrl-A.
The gnoll hits you with a +0 flail!
You die...
Fedhas appreciates your contribution to the ecosystem.

#
#####o############
....o{rg@....>....
.####o###..######
# #..# #..#
#..#########.#
#............#
#.#.##.####..# #.#
#....#.# ##.##
#....#.#


You could see an orc wizard, a gnoll, 2 orcs and a quokka.

Vanquished Creatures
  An adder (D:2)
  2 gnolls (D:3)
  A worm (D:2)
  5 orcs (D:3)
  2 ball pythons
  5 endoplasms
  4 giant cockroaches (D:2)
  9 goblins
  6 hobgoblins
  3 quokkas
  6 bats
  3 frilled lizards (D:1)
  3 kobolds
  2 rats
52 creatures vanquished.

Notes
Turn   | Place    | Note
-------+----------+-------------------------------------------
     0 | D:1      | MisterAzrael the Minotaur Fighter began the quest for the
                  | Orb.
     0 | D:1      | Reached XP level 1. HP: 19/19 MP: 0/0
   197 | D:1      | Reached XP level 2. HP: 27/27 MP: 1/1
   336 | D:1      | Found a faded altar of an unknown god.
   352 | D:1      | Prayed at the altar of an unknown god.
   352 | D:1      | Became a worshipper of Fedhas Madash
   352 | D:1      | Reached * piety under Fedhas
   822 | D:2      | Reached XP level 3. HP: 26/33 MP: 2/2
  1341 | D:2      | Reached ** piety under Fedhas
  1689 | D:3      | Reached XP level 4. HP: 37/41 MP: 3/3
  1921 | D:3      | Slain by a gnoll

Illustrated notes

Levels and vault maps discovered:
D:1:      matt_arrival_los_fun, layout_basic, hellmonk_ecumenical_altar_blasted
D:2:      layout_basic, grunt_ministairs_3, st_stairs_9
D:3:      layout_loops_ring, lemuel_tele_altar

Skill      XL: |  1  2  3 |
---------------+----------+-----
Long Blades    | 3 4 |  4.8
Fighting       | 4 |  4.6
Armour         | |  3.7
Shields        | |  3.7

Action                   |  1- 3 |  4- 6 || total
-------------------------+-------+-------++-------
Melee: Long sword        |    99 |    22 ||   121
       Headbutt          |    14 |     3 ||    17
  Use: Potion            |       |     1 ||     1
Armor: Scale mail        |    35 |     5 ||    40
Dodge: Dodged            |    43 |    11 ||    54
Block: Buckler           |    25 |     3 ||    28

Table legend: (Time is in decaauts)
 A = Elapsed time spent in this place.
 B = Non-inter-level travel time spent in this place.
 C = Inter-level travel time spent in this place.
 D = Time resting spent in this place.
 E = Time spent auto-exploring this place.
 F = Levels seen in this place.
 G = Mean time per level.
                   A        B        C        D        E       F      G
               +--------+--------+--------+--------+--------+-----+--------+
         Total |   1949 |   1910 |     39 |      0 |   1613 |   3 |  649.7 |
       Dungeon |   1949 |   1910 |     39 |      0 |   1613 |   3 |  649.7 |
               +--------+--------+--------+--------+--------+-----+--------+

Top non-repeatable levels by time:
     D:2: 909 daAuts
     D:1: 792 daAuts
     D:3: 247 daAuts
